Map: The Vermillion Problem

Players

asdf

  • Race: Terran Terran
  • Spawn Location: 11:00

LapuLapu

  • Race: Protoss Protoss
  • Spawn Location: 11:00

VOD

Have the link to the VOD?

Description

Time

  • Played on: July 11, 2022, 9:03 p.m.
  • Length: 38:07
Show
View Real Time Build Order
Export as new Build Order

asdf Terran 

Build Orders:  

Get SALT Encoding   

  12  0:00  SCV  
  12  0:08  SCV  
  13  0:18  SCV  
  15  0:34  Supply Depot  
  15  0:42  SCV  
  16  0:55  Factory, SCV  
  16  1:08  Refinery, SCV  
  17  1:17  SCV  
  18  1:25  SCV  
  19  1:35  Refinery  
  19  1:38  SCV  
  21  1:55  Factory Tech Reactor  
  21  2:21  SCV  
  22  2:33  SCV  
  23  2:49  Starport  
  22  2:51  SCV  
  23  3:01  Supply Depot  
  23  3:18  Starport Tech Reactor  
  23  3:23  Armory  
  23  3:25  Wraith  
  23  3:26  SCV  
  24  3:33  Wraith  
  24  3:35  Pulse Amplifier  
  26  3:57  Supply Depot  
  28  4:15  Wraith x2  
  32  4:43  SCV  
  33  4:50  Displacement Field  
  33  4:53  Supply Depot  
  33  4:54  SCV  
  34  5:04  Upgrade Laser Drill Level 1  
  34  5:07  Terran Vehicle and Ship Weapons Level 1  
  34  5:08  Wraith  
  35  5:20  SCV  
  37  5:49  Wraith  
  37  5:53  Wraith  
  39  6:11  SCV  
  39  6:18  Wraith  
  42  6:31  Wraith  
  46  7:33  SCV  
  47  7:50  Wraith  
  47  8:00  Wraith  
  47  8:59  Wraith  
  45  9:00  Wraith  
  45  9:04  SCV  
  42  9:16  SCV  
  47  9:39  SCV  
  47  9:57  Regenerative Bio-Steel  
  47  10:23  SCV  
  47  10:44  Supply Depot  
  47  10:51  Wraith x2  
  47  11:05  SCV  
  44  11:15  Wraith x2  
  44  11:17  SCV  
  45  11:29  SCV  
  45  11:38  Wraith x2  
  48  11:41  SCV  
  53  12:02  Wraith  
  55  13:14  Command Center  
  55  13:24  Wraith x2  
  55  13:27  Supply Depot  
  55  13:30  Supply Depot  
  55  13:48  Wraith x2  
  59  14:11  Wraith x2  
  59  14:25  Starport  
  62  14:41  Advanced Optics  
  62  14:57  Wraith  
  62  14:58  Wraith  
  62  15:18  Starport Tech Reactor  
  66  15:20  Wraith  
  66  15:21  Wraith  
  66  15:26  Supply Depot  
  66  15:34  Command Center  
  70  15:44  Wraith  
  70  15:56  SCV  
  70  16:06  Wraith  
  70  16:07  Wraith  
  70  16:08  SCV  
  72  16:10  Supply Depot  
  72  16:13  Wraith x2  
  99  16:20  SCV  
  73  16:25  Terran Vehicle and Ship Weapons Level 2  
  78  16:32  Upgrade Laser Drill Level 2  
  82  17:24  Wraith x4  
  90  18:09  SCV x2  
  90  18:11  Wraith x4  
  92  18:20  SCV  
  92  18:21  SCV  
  56  18:32  SCV x2  
  52  19:12  Wraith x4  
  52  19:20  SCV  
  52  19:21  SCV  
  59  19:32  SCV  
  62  20:14  Wraith  
  62  20:15  Wraith x3  
  62  20:25  Terran Vehicle and Ship Weapons Level 3  
  70  20:40  Supply Depot  
  70  20:54  SCV  
  70  20:59  Refinery  
  71  21:00  Refinery  
  71  21:05  SCV  
  71  21:07  Wraith x4  
  64  21:17  SCV  
  65  21:29  SCV  
  74  21:41  SCV  
  75  21:56  Wraith x4  
  83  22:35  Wraith  
  83  22:36  Wraith x3  
  87  23:10  Wraith x4  
  87  23:23  Wraith  
  87  23:26  SCV x2  
  87  23:28  Wraith x3  
  88  25:02  Wraith x2  
  88  25:03  Wraith x2  
  155  25:40  Wraith x4  
  100  26:03  Wraith x2  
  100  26:04  Supply Depot, Wraith x2  
  100  26:25  Supply Depot  
  100  26:27  Wraith  
  108  26:47  Supply Depot  
  108  27:08  Wraith x3  
  108  27:11  Supply Depot  
  108  27:29  Wraith  
  114  27:31  Wraith  
  114  27:32  Wraith  
  112  27:41  Supply Depot  
  118  28:29  Wraith  
  172  28:30  Wraith x3  
  114  28:34  Wraith x2  
  126  29:57  Wraith x4  
  134  30:20  Terran Vehicle And Ship Armor Level 1, Wraith x3  
  134  30:21  Wraith  
  142  30:44  Wraith x3  
  138  30:56  SCV x2  
  136  31:08  SCV x2  
  138  31:35  Wraith x3  
  138  31:36  Wraith  
  145  32:03  Wraith x2  
  145  32:29  Supply Depot  
  149  32:32  Wraith x2  
  153  32:50  Supply Depot  
  153  32:51  Wraith x4  
  147  33:11  Supply Depot  
  155  33:32  Supply Depot  
  155  33:47  Wraith  
  155  33:48  Wraith x3  
  149  35:10  Wraith x4  
  154  36:36  Wraith x4  
Show
View Real Time Build Order
Export as new Build Order

LapuLapu Protoss 

Build Orders:  

Get SALT Encoding   

  13  0:13  Probe (Chrono Boost)  
  13  0:28  Probe (Chrono Boost)  
  15  0:43  Probe (Chrono Boost)  
  15  1:04  Pylon  
  15  1:07  Forge  
  15  1:09  Probe (Chrono Boost)  
  17  1:24  Probe (Chrono Boost)  
  17  1:39  Probe (Chrono Boost)  
  18  1:52  Nexus  
  18  1:55  Assimilator  
  18  2:01  Assimilator  
  18  2:07  Probe (Chrono Boost)  
  20  2:30  Probe (Chrono Boost)  
  20  2:45  Probe (Chrono Boost)  
  21  3:03  Gateway  
  21  3:19  Probe (Chrono Boost), Pylon  
  22  3:47  Photon Cannon  
  22  3:48  Photon Cannon  
  22  3:50  Photon Cannon  
  22  3:52  Photon Cannon  
  22  3:55  Photon Cannon  
  23  4:20  Probe (Chrono Boost)  
  23  4:21  Probe (Chrono Boost)  
  23  4:28  Enhanced Targeting  
  24  4:30  Probe (Chrono Boost)  
  24  4:36  Probe (Chrono Boost)  
  26  4:40  Probe (Chrono Boost)  
  28  4:51  Probe (Chrono Boost)  
  28  4:55  Photon Cannon  
  28  4:56  Photon Cannon  
  28  5:00  Photon Cannon  
  28  5:39  Optimized Ordinance  
  27  5:46  Probe (Chrono Boost)  
  28  6:21  Probe (Chrono Boost)  
  28  6:26  Solar Efficiency Level 1  
  28  6:34  Cybernetics Core  
  28  6:43  Photon Cannon  
  28  6:47  Photon Cannon  
  28  7:23  Probe (Chrono Boost)  
  28  7:38  Probe (Chrono Boost)  
  29  7:59  Probe (Chrono Boost)  
  27  8:01  Probe (Chrono Boost)  
  27  8:04  Probe (Chrono Boost)  
  29  8:10  Probe (Chrono Boost)  
  29  8:13  Probe (Chrono Boost)  
  29  8:15  Probe (Chrono Boost)  
  29  8:16  Probe (Chrono Boost)  
  31  8:22  Probe (Chrono Boost)  
  31  8:29  Probe (Chrono Boost)  
  36  8:37  Probe (Chrono Boost)  
  38  8:44  Probe (Chrono Boost)  
  39  8:51  Probe (Chrono Boost)  
  39  9:04  Protoss Shields Level 1  
  39  9:06  Probe (Chrono Boost)  
  40  10:19  Pylon  
  40  10:25  Stargate  
  40  10:26  Stargate  
  40  10:37  Khaydarin Monolith  
  40  10:42  Khaydarin Monolith  
  36  14:39  Photon Cannon  
  36  14:42  Photon Cannon  
  36  15:02  Pylon  
  36  15:05  Khaydarin Monolith  
  36  15:09  Khaydarin Monolith  
  36  15:15  Pylon  
  36  15:18  Photon Cannon  
  36  15:22  Photon Cannon  
  36  15:26  Photon Cannon  
  36  15:29  Advanced Repair Systems  
  36  15:49  Pylon  
  36  15:58  Twilight Council  
  28  16:00  Fleet Beacon  
  28  16:19  Probe (Chrono Boost)  
  30  16:22  Probe (Chrono Boost)  
  30  16:34  Probe (Chrono Boost)  
  30  16:36  Probe (Chrono Boost)  
  32  16:49  Probe (Chrono Boost)  
  34  16:51  Probe (Chrono Boost)  
  34  16:59  Unknown x3  
  35  17:04  Probe (Chrono Boost)  
  35  17:06  Probe (Chrono Boost)  
  36  17:18  Probe (Chrono Boost)  
  36  17:19  Pylon  
  38  17:21  Probe (Chrono Boost)  
  38  17:24  Khaydarin Monolith  
  38  17:27  Khaydarin Monolith  
  38  17:30  Photon Cannon  
  38  17:32  Photon Cannon  
  38  17:40  Pylon  
  38  17:45  Photon Cannon  
  38  17:47  Photon Cannon  
  38  17:51  Khaydarin Monolith  
  38  18:18  Pylon  
  38  18:21  Khaydarin Monolith  
  38  18:54  Phase Detonation  
  38  20:23  Nexus  
  38  20:27  Assimilator  
  38  20:32  Assimilator  
  38  20:37  Pylon  
  38  20:38  Solar Flare  
  38  20:39  Khaydarin Monolith  
  38  20:42  Khaydarin Monolith  
  38  20:46  Photon Cannon  
  38  20:49  Photon Cannon  
  38  20:51  Photon Cannon  
  38  20:53  Photon Cannon  
  38  21:01  Pylon  
  38  21:03  Khaydarin Monolith  
  38  21:06  Khaydarin Monolith  
  38  21:09  Khaydarin Monolith  
  38  21:13  Photon Cannon  
  38  22:05  Solar Efficiency Level 2  
  38  22:10  Carrier x2  
  38  22:35  Rapid Recharging  
  37  22:47  Probe (Chrono Boost)  
  38  22:55  Shield Battery  
  38  22:57  Probe (Chrono Boost)  
  38  22:59  Shield Battery  
  39  23:07  Probe (Chrono Boost)  
  52  23:19  Khaydarin Monolith  
  51  23:22  Khaydarin Monolith  
  51  23:55  Probe (Chrono Boost)  
  51  23:57  Probe (Chrono Boost)  
  51  23:59  Probe (Chrono Boost)  
  51  24:01  Probe (Chrono Boost)  
  51  24:03  Probe (Chrono Boost)  
  51  24:05  Probe (Chrono Boost)  
  51  24:07  Probe (Chrono Boost)  
  58  25:14  Probe (Chrono Boost)  
  59  25:24  Probe (Chrono Boost)  
  60  25:34  Probe (Chrono Boost)  
  61  25:44  Probe (Chrono Boost)  
  61  25:54  Probe (Chrono Boost)  
  62  26:24  Pylon  
  62  27:02  Probe (Chrono Boost)  
  63  27:12  Probe (Chrono Boost)  
  64  27:22  Probe (Chrono Boost)  
  65  27:31  Khaydarin Monolith  
  65  27:32  Probe (Chrono Boost)  
  65  27:34  Khaydarin Monolith  
  65  27:38  Photon Cannon  
  66  27:40  Photon Cannon  
  66  27:42  Probe (Chrono Boost)  
  66  27:43  Shield Battery  
  66  27:44  Pylon  
  66  27:46  Shield Battery  
  58  28:52  Probe (Chrono Boost)  
  58  28:54  Probe (Chrono Boost)  
  58  28:56  Probe (Chrono Boost)  
  58  28:58  Probe (Chrono Boost)  
  59  29:00  Probe (Chrono Boost)  
  59  29:01  Probe x2 (Chrono Boost)  
  59  29:02  Probe (Chrono Boost)  
  59  29:04  Probe x3 (Chrono Boost)  
  59  29:07  Probe x2 (Chrono Boost)  
  65  29:10  Probe x2 (Chrono Boost)  
  73  29:22  Probe (Chrono Boost)  
  67  31:41  Probe (Chrono Boost)  
  68  31:51  Probe (Chrono Boost)  
  69  32:01  Probe (Chrono Boost)  
  70  32:11  Probe (Chrono Boost)  
  70  32:12  Pylon  
  70  32:15  Khaydarin Monolith  
  70  32:19  Khaydarin Monolith  
  71  32:21  Probe (Chrono Boost)  
  71  32:22  Khaydarin Monolith  
  71  32:26  Photon Cannon  
  71  32:28  Photon Cannon  
  72  32:31  Photon Cannon  
  57  33:58  Probe (Chrono Boost)  
  58  34:08  Probe (Chrono Boost)  
  59  34:14  Repair Drones  
  59  34:18  Probe (Chrono Boost)  
  60  34:28  Probe (Chrono Boost)  
  61  34:38  Probe (Chrono Boost)  
  61  37:06  Khaydarin Monolith  
  61  37:12  Khaydarin Monolith  
  61  37:15  Khaydarin Monolith  
  61  37:17  Khaydarin Monolith  
  61  37:21  Photon Cannon  
  61  37:23  Photon Cannon  
  61  37:25  Photon Cannon  
  61  37:42  Unknown  
Tags
 
Add a new tag
Caveats
  • Supply blocks, unpowered buildings, or Contaminate may cause inaccurate times.
  • Supply counts are checked every 10 seconds.